 Dungeon Crawl Stone Soup version 0.29.0-4-gdea44cf6ec (webtiles) character file.

Game seed: 2493787577791731791

555 qw the Chopper (level 7, -1/43 HPs)
             Began as a Gargoyle Berserker on Sept 7, 2022.
             Was a Believer of Trog.
             Slain by a gnoll
             ... wielding a +0 halberd
              (2 damage)
             ... on level 5 of the Dungeon.
             The game lasted 00:01:22 (5145 turns).

qw the Chopper (Gargoyle Berserker)                 Turns: 5145, Time: 00:01:22

Health: -1/43      AC: 17    Str: 22    XL:     7   Next: 30%
Magic:  7/7        EV:  8    Int:  8    God:    Trog [**....]
Gold:   42         SH:  0    Dex:  9    Spells: 6/6 levels left

rFire   . . .      SeeInvis .   c - +2 war axe (spect)
rCold   . . .      Faith    .   (no shield)
rNeg    + . .      Spirit   .   b - +0 chain mail
rPois   inf        Reflect  .   (no helmet)
rElec   +          Harm     .   (no cloak)
rCorr   +          Rampage  .   h - +1 pair of gloves
Will    .....                   n - +0 pair of boots
Stlth   ..........              (no amulet)
HPRegen 0.14/turn               a - ring of resist corrosion
MPRegen 0.10/turn               (no ring)

@: on berserk cooldown, slowed, very slow
A: sickness immunity, AC +4, negative energy resistance 1, electricity
resistance, torment resistance 1, petrification resistance
a: Renounce Religion, Berserk, Trog's Hand


You were on level 5 of the Dungeon.
You worshipped Trog.
Trog was pleased with you.
You visited 1 branch of the dungeon, and saw 5 of its levels.

You collected 325 gold pieces.
You spent 283 gold pieces at shops.


Innate Abilities, Weirdness & Mutations

You are immune to sickness and miasma.
Your stone body is resilient. (AC +4)
You are immune to poison.
You resist negative energy. (rN+)
You are resistant to electric shocks. (rElec)
You are resistant to unholy torment.
You are immune to petrification.


   Skills:
 - Level 4.2 Fighting
 + Level 6.8 Axes
 - Level 3.3 Armour
 - Level 1.5 Dodging


You had 6 spell levels left.
You didn't know any spells.
Your spell library was empty.

Inventory:

Hand Weapons
 c - a +2 spectral war axe (weapon)
 l - a +4 flail
Missiles
 f - a boomerang (quivered)
Armour
 b - a +0 chain mail (worn)
 h - a +1 pair of gloves (worn)
 n - a +0 pair of boots (worn)
Jewellery
 a - a ring of resist corrosion (left hand)
 d - a +2 ring of evasion
Scrolls
 e - a scroll of identify
Potions
 i - a potion of brilliance {unknown}
 j - 3 potions of curing
 k - 3 potions of resistance

Dungeon Overview and Level Annotations

Branches:
Dungeon (5/15)             Temple (0/1) D:5

Altars:
Dithmenos
Elyvilon
Okawaru

Shops:
D:5 =(


Message History

Trog accepts your kill.
The gnoll bouda gazes fiercely through you!
You feel your attacks grow feeble.
The gnoll sergeant hits you but does no damage.
You writhe in agony.
The gnoll bouda calls upon its god to heal the gnoll sergeant.
The gnoll sergeant is healed somewhat.
You hit the gnoll sergeant but do no damage.
The gnoll sergeant is severely wounded.
Your +2 spectral war axe hits the gnoll sergeant!!
You kill the gnoll sergeant!
Trog accepts your kill.
You swap places.
Your attacks no longer feel as feeble.
The gnoll hits you but does no damage.
The gnoll hits you from afar with a +0 halberd!
The gnoll bouda hits you with the +3 woodcutter's axe {vorpal}.
The gnoll barely misses you. The gnoll hits you but does no damage.
You hit the gnoll bouda but do no damage.
Your +2 spectral war axe hits the gnoll bouda!
The gnoll bouda closely misses you.
The gnoll bouda closely misses your +2 spectral war axe.
The gnoll hits you but does no damage. x2
The gnoll bouda hits you with the +3 woodcutter's axe {vorpal}.
The gnoll bouda closely misses your +2 spectral war axe.
5144 ||| DRINKING potion of heal wounds.
You feel much better. The gnoll hits you but does no damage.
The gnoll barely misses you.
The gnoll bouda hits you with the +3 woodcutter's axe {vorpal}.
The gnoll hits you from afar with a +0 spear.
The gnoll closely misses you.
You closely miss the gnoll bouda.
The gnoll bouda is heavily wounded.
Your +2 spectral war axe barely misses the gnoll bouda.
The gnoll bouda hits you with the +3 woodcutter's axe {vorpal}!
The gnoll bouda hits your +2 spectral war axe with the +3 woodcutter's axe {vorpal}!
Your spectral weapon shares its damage with you! x2
The gnoll hits you but does no damage.
The gnoll hits you from afar with a +0 halberd.
You die... ##.##..# #.# #P.P#..# #.### ##.....# #...# ####### 7777

#.### ..)7 #.##
#..77 #.<#
..#..g.777 #..#
..#..7¤))77###
#..#
..'...g@¤)...#
#..#
..#.7g.()77#.#
#..# .
#..).777##.#
####..## #..77
#..# #.....#.
...7
#####'####.###.#.


7777 #.......##.###.[. #.......##.#..).# #.......##.#.#.##
##########.......##.#...## You could see a gnoll bouda, 2 gnolls and a friendly
+2 spectral war axe (summoned).

Vanquished Creatures
  A phantom (D:4)
  A gnoll sergeant (D:5)
  3 orc priests (D:4)
  2 hounds
  An iguana (D:5)
  13 gnolls
  3 adders
  A white imp (D:5)
  An ufetubus (D:5)
  A worm (D:4)
  A dart slug (D:2)
  6 orcs
  7 ball pythons
  5 bats
  5 endoplasms
  11 goblins
  8 hobgoblins
  7 kobolds
  3 quokkas
  3 frilled lizards
  4 rats
87 creatures vanquished.

Notes
Turn   | Place    | Note
-------+----------+-------------------------------------------
     0 | D:1      | qw the Gargoyle Berserker began the quest for the Orb.
     0 | D:1      | Reached XP level 1. HP: 14/14 MP: 1/1
     0 | D:1      | 0 ||| qw: Version: 0.1-a-108-g9e35731
     0 | D:1      | 0 ||| qw: Game counter: 6541
     0 | D:1      | 0 ||| qw: Always use a shield: true
     0 | D:1      | 0 ||| qw: Do Orc after D:15 true
     0 | D:1      | 0 ||| qw: Do second Lair branch before Depths: true
     0 | D:1      | 0 ||| qw: Lair rune preference: random
     0 | D:1      | 0 ||| qw: Plans: Normal
     0 | D:1      | 0 ||| PLANNING D:1-11
    26 | D:1      | 26 ||| Stepping ~*~*~tactically~*~*~ (stealth).
    39 | D:1      | Reached skill level 3 in Axes
   106 | D:1      | Reached XP level 2. HP: 19/19 MP: 2/2
   268 | D:1      | 268 ||| SWAPPING to +1 vorpal war axe.
   269 | D:1      | 269 ||| DROPPING +0 hand axe.
   512 | D:1      | Found a faded altar of an unknown god.
   541 | D:1      | 541 ||| DROPPING +0 club.
   562 | D:1      | 562 ||| Stepping ~*~*~tactically~*~*~ (stealth).
  1170 | D:1      | 1170 ||| DROPPING orb of light.
  1171 | D:1      | 1171 ||| DROPPING amulet of magic regeneration.
  1172 | D:1      | 1172 ||| UPGRADING to ring of resist corrosion.
  1173 | D:1      | 1173 ||| READING scroll labelled FERUFOVATI.
  1174 | D:1      | 1174 ||| READING scroll labelled IVIHEJ PUPH.
  1175 | D:1      | 1175 ||| READING scroll labelled CEXIVU CEIBOA.
  1354 | D:2      | Reached XP level 3. HP: 23/23 MP: 3/3
  1388 | D:2      | 1388 ||| DROPPING +0 mace.
  1923 | D:2      | Reached skill level 4 in Axes
  2040 | D:2      | 2040 ||| Stepping ~*~*~tactically~*~*~ (hiding).
  2409 | D:2      | 2409 ||| UPGRADING to +0 ring mail.
  2419 | D:2      | 2419 ||| DROPPING +0 animal skin.
  2420 | D:2      | 2420 ||| READING scroll labelled FIZIZU WACLUFANO.
  2421 | D:2      | 2421 ||| READING scroll labelled BIMPAOQONE.
  2422 | D:2      | 2422 ||| READING scroll labelled NEFAXI WITAUHO.
  2423 | D:2      | 2423 ||| READING scroll labelled AHUNUPH XIOWI.
  2424 | D:2      | 2424 ||| READING scroll labelled SOURPH JOFEFY.
  2425 | D:2      | 2425 ||| READING 4 scrolls of identify.
  2425 | D:2      | 2425 ||| IDENTIFYING yellow potion
  2426 | D:2      | 2426 ||| READING 3 scrolls of identify.
  2426 | D:2      | 2426 ||| IDENTIFYING fizzy grey potion
  2427 | D:2      | 2427 ||| READING 2 scrolls of identify.
  2427 | D:2      | 2427 ||| IDENTIFYING fuming white potion
  2428 | D:2      | 2428 ||| DROPPING potion of flight.
  2439 | D:3      | 2439 ||| STAIRDANCE
  2444 | D:2      | 2444 ||| UPGRADING to +0 chain mail.
  2454 | D:2      | 2454 ||| DROPPING +0 ring mail.
  2458 | D:3      | 2458 ||| STAIRDANCE
  2658 | D:3      | Reached XP level 4. HP: 28/28 MP: 4/4
  2713 | D:3      | Identified the +1 barding of Nubos {rF+ Int+5}
  2748 | D:3      | Reached ** piety under Trog
  3034 | D:3      | Found an iron altar of Okawaru.
  3334 | D:3      | 3334 ||| READING scroll labelled BEPSUI SI ALEA.
  3349 | D:3      | 3349 ||| DRINKING 2 viscous blue potions.
  3350 | D:3      | 3350 ||| READING 2 scrolls of identify.
  3350 | D:3      | 3350 ||| IDENTIFYING grey potion
  3351 | D:3      | 3351 ||| DROPPING potion of invisibility.
  3353 | D:3      | 3353 ||| DROPPING potion of ambrosia.
  3393 | D:4      | 3393 ||| INVOKING Berserk.
  3400 | D:4      | Reached skill level 5 in Axes
  3400 | D:4      | Reached XP level 5. HP: 32/32 MP: 5/5
  3499 | D:4      | Found a shadowy altar of Dithmenos.
  3509 | D:4      | 3509 ||| Stepping ~*~*~tactically~*~*~ (stealth).
  3522 | D:4      | 3522 ||| Stepping ~*~*~tactically~*~*~ (stealth).
  3885 | D:4      | Found a white marble altar of Elyvilon.
  3899 | D:4      | 3899 ||| INVOKING Berserk.
  3904 | D:4      | Reached XP level 6. HP: 38/38 MP: 6/6
  4239 | D:4      | 4239 ||| UPGRADING to +1 pair of gloves.
  4244 | D:4      | 4244 ||| UPGRADING to +0 pair of boots.
  4249 | D:4      | 4249 ||| READING 2 scrolls labelled WESAODEAN.
  4250 | D:4      | 4250 ||| READING scroll labelled WOUPTI YNTOT.
  4251 | D:4      | 4251 ||| READING scroll labelled PEIZURE XOSI.
  4314 | D:4      | 4314 ||| READING 2 scrolls of identify.
  4314 | D:4      | 4314 ||| IDENTIFYING red potion
  4315 | D:4      | 4315 ||| DROPPING scroll of blinking.
  4338 | D:5      | Entered Level 5 of the Dungeon
  4341 | D:5      | 4341 ||| STAIRDANCE
  4346 | D:4      | Reached skill level 3 in Armour
  4531 | D:5      | Reached skill level 6 in Axes
  4535 | D:5      | Found a staircase to the Ecumenical Temple.
  4578 | D:5      | Found Fiofuwnu's One-of-a-Kind Rings.
  4584 | D:5      | 4584 ||| SHOPLISTING +10 ring of dexterity (1274 gold, have
                  | 292).
  4584 | D:5      | 4584 ||| BUYING +2 ring of evasion (140 gold).
  4584 | D:5      | Bought a +2 ring of evasion for 140 gold pieces
  4584 | D:5      | 4584 ||| SHOPLISTING +5 ring of protection (770 gold, have
                  | 152).
  4584 | D:5      | 4584 ||| SHOPLISTING ring "Laerriqu" {rCorr Int-2 Dex+3
                  | Slay+2} (525 gold, have 152).
  4584 | D:5      | 4584 ||| SHOPLISTING ring of Obsession {Will- EV+4 Int+3
                  | Dex+2} (690 gold, have 152).
  4665 | D:5      | Found Nucynn's Antique Weapon Emporium.
  4670 | D:5      | 4670 ||| BUYING glowing flail (143 gold).
  4670 | D:5      | Bought a glowing flail for 143 gold pieces
  4670 | D:5      | 4670 ||| SHOPLISTING glowing morningstar (154 gold, have
                  | 9).
  4670 | D:5      | 4670 ||| DROPPING +0 flail.
  4751 | D:5      | 4751 ||| Stepping ~*~*~tactically~*~*~ (hiding).
  4753 | D:5      | 4753 ||| Stepping ~*~*~tactically~*~*~ (hiding).
  5125 | D:5      | 5125 ||| INVOKING Berserk.
  5133 | D:5      | Reached XP level 7. HP: 43/43 MP: 7/7
  5143 | D:5      | HP: 8/43 [gnoll bouda/the +3 woodcutter's axe {vorpal} (6)]
  5144 | D:5      | 5144 ||| DRINKING potion of heal wounds.
  5145 | D:5      | HP: 2/43 [gnoll bouda/the +3 woodcutter's axe {vorpal} (2)]
  5145 | D:5      | Slain by a gnoll

Levels and vault maps discovered:
D:1:      minmay_arrival_cross, layout_basic, ebering_ecumenical_altar_box,
          st_stairs_8, minivault_4
D:2:      layout_basic
D:3:      layout_loops_corners, general_overflow_altar
D:4:      layout_loops_cross, lemuel_tele_altar, lemuel_crystal_altar,
          minmay_goblin_kobold_house
D:5:      layout_basic, minmay_temple_entry_gardened_gates, serial_shops,
          kennysheep_little_box, nicolae_shop_unique_rings, nrook_campfire,
          pf_guarded_unrand_woodcutter

Skill      XL: |  1  2  3  4  5  6 |
---------------+-------------------+-----
Axes           | 3 4 5 6 |  6.8
Fighting       | 4 |  4.2
Armour         | 3 |  3.3
Dodging        | |  1.5

Action                   |  1- 3 |  4- 6 |  7- 9 || total
-------------------------+-------+-------+-------++-------
Melee: Hand axe          |    24 |       |       ||    24
       War axe           |    74 |    68 |     9 ||   151
       Punch             |     1 |       |       ||     1
Throw: Boomerang         |       |    22 |       ||    22
Invok: Berserk           |       |     3 |       ||     3
  Use: Scroll            |    11 |     6 |       ||    17
       Potion            |       |     1 |     1 ||     2
 Stab: Distracted        |       |       |     1 ||     1
Armor: Animal skin       |    27 |       |       ||    27
       Chain mail        |     4 |    32 |     8 ||    44
Dodge: Dodged            |    66 |    19 |     6 ||    91

Table legend:
 A = Non-vault XP
 B = Vault XP
 C = Vault XP percentage of total XP
 D = Non-vault monster count
 E = Vault monster count
 F = Vault count percentage of total count
                 A         B        C        D         E       F
            +---------+---------+-------+---------+---------+-------
      Total |     572 |     221 |  27.9 |      71 |      16 |  18.4
            +---------+---------+-------+---------+---------+-------
        D:1 |      27 |       3 |  10.0 |      16 |       2 |  11.1
        D:2 |      46 |       0 |   0.0 |      18 |       0 |   0.0
        D:3 |      26 |       0 |   0.0 |       8 |       0 |   0.0
        D:4 |     363 |       6 |   1.6 |      24 |       4 |  14.3
        D:5 |     110 |     212 |  65.8 |       5 |      10 |  66.7
            +---------+---------+-------+---------+---------+-------
